Map: Nightshade LE

Players

BlyOnFire (Bly) - Winner!

  • Race: Zerg Zerg
  • League: Grandmaster
  • Spawn Location: 5:00

PtitDrogo

  • Race: Protoss Protoss
  • League: Grandmaster
  • Spawn Location: 11:00

Event: StayAtHomestory Cup #1

VOD

Have the link to the VOD?

Description

Time

  • Played on: April 10, 2020, 9:16 a.m.
  • Length: 4:15

All games in this series

Show
View Real Time Build Order
Export as new Build Order

BlyOnFire Zerg - Winner!

Build Orders: Hatch First 

Get SALT Encoding   

  12  0:01  Drone  
  13  0:13  Overlord  
  13  0:18  Drone  
  14  0:32  Drone x2  
  16  0:40  Drone  
  17  0:53  Drone  
  18  1:04  Hatchery  
  17  1:13  Spawning Pool  
  17  1:14  Drone  
  17  1:21  Extractor, Drone  
  17  1:40  Hatchery  
  17  1:44  Drone  
  17  1:50  Drone  
  18  1:59  Evolution Chamber  
  18  2:01  Zergling x4  
  18  2:03  Queen  
  23  2:11  Overlord  
  23  2:17  Roach Warren  
  23  2:21  Metabolic Boost  
  22  2:34  Zergling x4  
  24  2:57  Roach  
  28  2:59  Zergling x4  
  30  3:14  Roach x2  
  30  3:17  Zergling x4  
  34  3:25  Overlord  
  32  3:27  Overlord  
  32  3:38  Hatchery  
  31  3:46  Ravager  
  31  3:47  Zergling x6  
  34  3:57  Ravager  
Show
View Real Time Build Order
Export as new Build Order

PtitDrogo Protoss 

Build Orders:  

Get SALT Encoding   

  12  0:00  Probe  
  13  0:13  Probe  
  14  0:19  Pylon  
  14  0:25  Probe (Chrono Boost)  
  15  0:37  Probe (Chrono Boost)  
  15  0:38  Gateway  
  16  0:46  Probe (Chrono Boost), Assimilator  
  17  0:51  Probe  
  18  1:03  Probe  
  19  1:16  Probe  
  20  1:25  Zealot  
  22  1:27  Gateway  
  22  1:30  Cybernetics Core  
  22  1:38  Pylon  
  22  1:42  Probe  
  23  1:56  Probe  
  26  2:06  Stalker  
  26  2:13  Assimilator  
  26  2:18  Probe  
  26  2:20  Zealot  
  29  2:25  Warp Gate (Chrono Boost)  
  29  2:34  Probe  
  30  2:49  Pylon  
  30  2:53  Stalker (Chrono Boost)  
  30  2:56  Pylon  
  31  3:09  Probe  
  31  3:10  Shield Battery  
  32  3:20  Stalker (Chrono Boost)  
  32  3:21  Probe  
  29  3:33  Probe  
  30  3:45  Probe  
  27  3:49  Gateway  
  26  3:58  Probe  
Tags
 
Add a new tag
Caveats
  • Supply blocks, unpowered buildings, or Contaminate may cause inaccurate times.
  • Supply counts are checked every 10 seconds.